AoeStats
← Marcus Aurelius

Black Forest

510224071Analyzed
2v2 RM · 3d ago on Sep 30, 2026· 42m 19s· 4 players
Game mode
Random Map
Map size
Medium (4 player)
Population
200
Speed
Normal
Resources
Standard
Victory
Conquest
Starting age
Dark Age
Ending age
Imperial Age
RankedLock teamsTeams togetherTeam positionsShared explorationLock speedFull tech treeHidden civsTurbo modeCheats
Victory
Defeat
🇺🇸 Varangians · United States
1061
+16
🇺🇸 Danes · United States
1034
+17
🇨🇳 Magyars · China
1070
-17
🇺🇸 Wu · United States
1037
-16
AndySM2193
2:09 Loom
11:08 Feudal Age
13:58 Man-at-Arms
16:42 Castle Age
15:34 Double-Bit Axe
17:48 Forging
18:40 Bow Saw
23:14 Horse Collar
25:42 Wheelbarrow
26:22 Heavy Plow
26:19 Gold Mining
28:25 Hand Cart
29:14 Iron Casting
28:40 Scale Mail Armor
28:45 Squires
28:32 Arson
29:56 Town Watch
33:16 Chain Mail Armor
36:37 Imperial Age
34:22 Bloodlines
34:16 Husbandry
34:02 Pikeman
35:29 Padded Archer Armor
36:07 Ballistics
36:30 Leather Archer Armor
36:07 Elite Skirmisher
37:23 Fletching
38:36 Heavy Hei Guang Cavalry
39:34 Bodkin Arrow
41:33 Chemistry
41:08 Town Patrol
41:24 Heavy Hei Guang Cavalry
76561199026418587
1:18 Loom
14:15 Feudal Age
20:13 Bloodlines
23:56 Castle Age
23:02 Double-Bit Axe
26:00 Husbandry
28:02 Scale Barding Armor
29:07 Horse Collar
29:20 Gold Mining
32:27 Gold Shaft Mining
31:54 Heavy Plow
32:07 Bow Saw
snedekev99
9:49 Feudal Age
17:07 Castle Age
18:19 Double-Bit Axe
40:37 Forging
40:28 Scale Mail Armor
Marcus Aurelius
5:40 Loom
12:58 Feudal Age
17:15 Castle Age
15:58 Double-Bit Axe
17:30 Scale Barding Armor
17:39 Forging
18:17 Horse Collar
19:08 Bow Saw
28:55 Bloodlines
28:47 Husbandry
29:14 Heavy Plow
30:58 Scale Barding Armor
31:29 Iron Casting
35:58 Squires
35:43 Gambesons
35:44 Arson
39:54 Wheelbarrow
40:59 Hand Cart
41:34 Chain Barding Armor
Connection lost

Rejoining the realm…

Still unreachable

The connection could not be restored.

Session expired

The server has moved on; the page needs a fresh start.